 Dungeon Crawl Stone Soup version bcrawl-1.19-7-g22fd707d3b (webtiles) character file.

Game seed: 17244050798975889536

6458 Freyura the Cruncher (level 10, 0/64 HPs)
             Began as a Gargoyle Gladiator on Nov 17, 2019.
             Was an Elder of Ru.
             Slain by a troll (4 damage)
             ... on level 9 of the Dungeon.
             The game lasted 00:33:29 (10487 turns).

Freyura the Cruncher (Gargoyle Gladiator)          Turns: 10487, Time: 00:33:30

Health: 0/64       AC: 21    Str: 25    XL:     10   Next: 99%
Magic:  10/10      EV: 13    Int:  5    God:    Ru [****..]
Gold:   594        SH:  0    Dex: 19    Spells: 9/9 levels left

rFire    + . .     SeeInvis .   j - +7 quarterstaff "Lihupit" {venom, rC+ Str+3 Int-4}
rCold    + + .     Gourm    .   (shield currently unavailable)
rNeg     + . .     Faith    .   o - +0 chain mail
rPois    ∞         Spirit   .   c - +2 helmet
rElec    +         Reflect  .   D - scarf {rC+ rF+}
rCorr    .         Harm     .   (no gloves)
MR       +....                  (no boots)
Stlth    ..........             (no amulet)
HPRegen  0.20/turn              i - ring of protection from magic
MPRegen  0.12/turn              y - +4 ring of strength

@: agile
A: negative energy resistance 1, electricity resistance, unbreathing,
petrification resistance, rot immunity, inability to use devices, hated by all,
reduced EV 1, AC +7
a: Draw Out Power, Power Leap, Renounce Religion


You were on level 9 of the Dungeon.
You worshipped Ru.
Ru was greatly pleased with you.
You were not hungry.

You visited 2 branches of the dungeon, and saw 10 of its levels.

You collected 594 gold pieces.

Inventory:

Hand Weapons
 a - a +3 quarterstaff
 j - the +7 quarterstaff "Lihupit" (weapon) {venom, rC+ Str+3 Int-4}
   (You found it on level 7 of the Dungeon)

   It poisons the flesh of those it strikes.
   It affects your strength (+3).
   It affects your intelligence (-4).
   It protects you from cold.
Missiles
 d - 3 throwing nets (quivered) {!f}
Armour
 c - a +2 helmet (worn)
 o - a +0 chain mail (worn)
 D - a scarf of resistance (worn)
Jewellery
 i - a ring of protection from magic (left hand)
 y - a +4 ring of strength (right hand)
Scrolls
 e - a scroll of magic mapping
 h - 6 scrolls of teleportation
 l - a scroll of amnesia
 m - a scroll of identify
 n - 3 scrolls of remove curse
Potions
 b - a potion of mutation {unknown}
 p - a potion of magic
 q - 2 potions of lignification
 u - 3 potions of curing
 v - 2 potions of cancellation
 w - a potion of flight
 x - a potion of agility
 z - a potion of resistance
 B - a potion of brilliance {unknown}
 C - a potion of berserk rage {unknown}
Comestibles
 f - 20 rations {!d}


   Skills:
 + Level 8.3 Fighting
 * Level 10.7 Staves
 - Level 1.7 Throwing
 + Level 7.9 Armour
 + Level 6.6 Dodging


You had 9 spell levels left.
You didn't know any spells.
Your spell library contained the following spells:

 Spells                   Type           Power        Failure   Level  Hunger
 Magic Dart               Conj           #...         96%         1    ##.....
 Blink                    Tloc           N/A          99%         2    ###....
 Ensorcelled Hibernation  Hex/Ice        #.....       99%         2    ###....
 Conjure Flame            Conj/Fire      #.......     100%        3    ####...
 Mephitic Cloud           Conj/Pois/Air  #.......     100%        3    ####...
 Spider Form              Tmut/Pois      #..          100%        3    ####...
 Borgnjor's Vile Clutch   Necr/Erth      #.........   100%        6    #######
 Darkness                 Hex            #.........   100%        6    #######
 Time Stop                Chrm/Tloc      N/A          100%        8    #######
 Summon Small Mammal      Summ           Unusable     N/A         1    N/A
 Call Imp                 Summ           Unusable     N/A         2    N/A
 Call Canine Familiar     Summ           Unusable     N/A         3    N/A
 Summon Ice Beast         Ice/Summ       Unusable     N/A         4    N/A
 Summon Lightning Spire   Summ/Air       Unusable     N/A         5    N/A
 Infestation              Hex/Tmut/Pois  Unusable     N/A         6    N/A
 Shadow Creatures         Summ           Unusable     N/A         6    N/A

Dungeon Overview and Level Annotations

Branches:
Dungeon (9/12)             Temple (1/1) D:5            Lair (0/6) D:7
    Orc: D:8-11

Altars:
Ashenzari
Dithmenos
Elyvilon
Fedhas
Hepliaklqana
Kikubaaqudgha
Lugonu
Makhleb
Nemelex Xobeh
Okawaru
Qazlal
Ru
Sif Muna
Trog
Uskayaw
Vehumet
Wu Jian
Xom
Yredelemnul
Zin
The Shining One

Shops:
D:4 }   D:5 [   D:8 =


Innate Abilities, Weirdness & Mutations

You are resistant to torment.
Your stone body is resilient. (AC +7)
You are immune to poison.
You resist negative energy. (rN+)
You are resistant to electric shocks. (rElec)
You can survive without breathing.
You are immune to petrification.
You are immune to rotting.
You cannot study or use magical devices.
You are hated by all.
You have somewhat slow reflexes. (EV -5)


Message History

The ice beast hits you but does no damage.
The iguana bites you!
* * * LOW HITPOINT WARNING * * *
You sock the iguana!
You kill the iguana!
The ice beast hits you but does no damage.
Things that are here:
a scroll labeled ESOICK CITEFU; an iguana corpse You closely miss the troll.
The troll completely misses you. The troll barely misses you.
The troll claws you but does no damage.
You feel agile all of a sudden. The troll closely misses you.
The troll claws you.
* * * LOW HITPOINT WARNING * * *
The troll claws you but does no damage.
You sock the troll!
The troll is poisoned.
The troll is moderately wounded.
You sock the troll!
The troll looks as sick as possible!
The troll is almost dead.
The troll bites you.
You die...

#....## #.....
#....# .### #....#
.....#..!.# ###
#........# ..
##.#.##..# .#
#.....)..####.####
........<.YT@....#
#..#(......##.##.#
......##.#.# .#
#........#.# ..
..###.#.##.# ### #
# #. #.# .. ..#
##. ###


You could see a troll and an ice beast.

Vanquished Creatures
  Psyche (D:8)
  An unseen horror (D:7)
  Pikel (D:6)
  A komodo dragon (D:7)
  A hippogriff (D:8)
  A spriggan (D:7)
  3 wyverns (D:7)
  2 basilisks (D:7)
  A hungry ghost (D:7)
  Duvessa (D:5)
  A sky beast (D:8)
  A swamp drake (D:7)
  3 black bears
  A necrophage (D:8)
  3 ogres
  2 ice beasts
  4 slaves (D:6)
  3 phantoms
  4 centaurs
  A big kobold (D:8)
  3 bullfrogs (D:7)
  Dowan (D:5)
  4 scorpions
  A water moccasin skeleton (D:5)
  5 crimson imps
  A hound (D:8)
  5 orc priests
  A gnoll shaman (D:8)
  A bullfrog skeleton (D:8)
  2 iguanas
  6 orc wizards
  3 worker ants
  5 gnolls (D:8)
  8 adders
  A shadow imp (D:8)
  3 adder skeletons
  4 worms
  4 dart slugs
  4 leopard geckos
  31 orcs
  4 giant cockroaches
  8 hobgoblins
  2 jackals (D:3)
  5 quokkas
  2 ball pythons
  4 bats
  2 frilled lizards
  5 goblins
  10 kobolds
  A quokka skeleton (D:3)
  11 rats
183 creatures vanquished.

Vanquished Creatures (others)
  A centaur skeleton (D:9)
  An orc (D:7)
2 creatures vanquished.

Grand Total: 185 creatures vanquished

Notes
Turn   | Place    | Note
-------+----------+-------------------------------------------
     0 | D:1      | Freyura the Gargoyle Gladiator began the quest for the Orb.
     0 | D:1      | Reached XP level 1. HP: 12/12 MP: 1/1
   312 | D:1      | Reached XP level 2. HP: 18/18 MP: 2/2
   964 | D:1      | Reached skill level 1 in Armour
  1315 | D:2      | Reached XP level 3. HP: 22/22 MP: 3/3
  1391 | D:2      | HP: 1/22 [orc (4)]
  2214 | D:2      | Reached XP level 4. HP: 27/27 MP: 4/4
  2672 | D:3      | Reached skill level 4 in Staves
  2769 | D:3      | Found a sacrificial altar of Ru.
  2773 | D:3      | Became a worshipper of Ru the Awakened
  2893 | D:3      | Reached XP level 5. HP: 26/32 MP: 5/5
  3338 | D:3      | Found an iron altar of Okawaru.
  3474 | D:3      | Noticed a moth of wrath
  3477 | D:3      | Found a bloodstained altar of Trog.
  3581 | D:4      | Reached XP level 6. HP: 20/37 MP: 6/6
  3795 | D:4      | Found Afuh's Gadget Shoppe.
  3949 | D:4      | Gained mutation: You are hated by all. [Ru sacrifice]
  3949 | D:4      | Reached * piety under Ru
  4074 | D:4      | Reached skill level 5 in Staves
  4377 | D:4      | Found a shimmering blue altar of Sif Muna.
  4400 | D:4      | Noticed a phantom
  4619 | D:4      | Killed a phantom
  4788 | D:5      | Entered Level 5 of the Dungeon
  4796 | D:5      | Found Kyatesm's Armour Emporium.
  4813 | D:5      | Reached XP level 7. HP: 36/43 MP: 7/7
  4885 | D:5      | Found a staircase to the Ecumenical Temple.
  4911 | Temple   | Entered the Ecumenical Temple
  5465 | D:5      | Reached skill level 6 in Staves
  5738 | D:5      | Reached XP level 8. HP: 48/48 MP: 8/8
  5820 | D:5      | Noticed Duvessa
  5820 | D:5      | Noticed Dowan
  5834 | D:5      | Killed Duvessa
  5841 | D:5      | Killed Dowan
  5841 | D:5      | Reached skill level 5 in Fighting
  6445 | D:6      | Reached skill level 7 in Staves
  6552 | D:6      | Found a shattered altar of Ashenzari.
  6554 | D:6      | Found a basalt altar of Yredelemnul.
  6554 | D:6      | Found a shimmering altar of Xom.
  6556 | D:6      | Found a stormy altar of Qazlal.
  6556 | D:6      | Found a shimmering altar of Xom.
  6556 | D:6      | Found a shimmering altar of Xom.
  6753 | D:6      | Found a burning altar of Makhleb.
  6758 | D:6      | Found a white marble altar of Elyvilon.
  6758 | D:6      | Noticed Pikel
  6764 | D:6      | Gained mutation: You cannot study or use magical devices.
                  | [Ru sacrifice]
  6764 | D:6      | Reached ** piety under Ru
  6764 | D:6      | Reached *** piety under Ru
  6786 | D:6      | Killed Pikel
  6786 | D:6      | Reached skill level 5 in Armour
  6786 | D:6      | Reached XP level 9. HP: 28/55 MP: 9/9
  6996 | D:6      | Found an ancient bone altar of Kikubaaqudgha.
  7027 | D:6      | Reached skill level 8 in Staves
  7027 | D:6      | Reached skill level 5 in Dodging
  7287 | D:7      | Killed an unseen horror
  7845 | D:7      | Reached skill level 9 in Staves
  7924 | D:7      | Reached XP level 10. HP: 13/63 MP: 10/10
  8211 | D:7      | Found a staircase to the Lair.
  8842 | D:7      | Found a white marble altar of Elyvilon.
  9388 | D:7      | Got a twisted quarterstaff
  9521 | D:7      | Reached skill level 10 in Staves
  9568 | D:7      | Identified the +7 quarterstaff "Lihupit" {venom, rC+ Str+3
                  | Int-4} (You found it on level 7 of the Dungeon)
  9607 | D:8      | Found a hazy altar of Hepliaklqana.
  9664 | D:8      | Found a shadowy altar of Dithmenos.
  9723 | D:8      | Noticed Psyche
  9730 | D:8      | Killed Psyche
  9806 | D:8      | Found Levastrat's Jewellery Boutique.
  9939 | D:8      | Found a sparkling altar of Nemelex Xobeh.
  9941 | D:8      | Gained mutation: You have somewhat slow reflexes. (EV -5)
                  | [Ru sacrifice]
  9941 | D:8      | Reached **** piety under Ru
 10078 | D:8      | Found a shattered altar of Ashenzari.
 10487 | D:9      | Slain by a troll

Skill      XL: |  1  2  3  4  5  6  7  8  9 10 |
---------------+-------------------------------+-----
Armour         | 1 2 3 4 5 6 7 |  7.9
Staves         | 4 5 6 7 9 10 | 10.7
Fighting       | 3 4 6 7 8 |  8.3
Dodging        | 3 4 5 6 |  6.6
Throwing       | |  1.7

Action                   |  1- 3 |  4- 6 |  7- 9 | 10-12 || total
-------------------------+-------+-------+-------+-------++-------
Melee: Quarterstaff      |   115 |   243 |   256 |   203 ||   817
Invok: Sacrifice Love    |       |     1 |       |       ||     1
       Sacrifice Artific |       |       |     1 |       ||     1
       Sacrifice Health  |       |       |       |     1 ||     1
  Use: Potion            |     1 |     1 |     1 |     1 ||     4
       Scroll            |       |       |       |    23 ||    23
 Stab: Sleeping          |       |     2 |       |       ||     2
       Invisible         |       |       |     1 |     2 ||     3
  Eat: Chunk             |     4 |     9 |     6 |     6 ||    25
       Ration            |       |       |     1 |     1 ||     2
Armor: Leather armour    |    47 |   103 |    88 |    10 ||   248
       Scale mail        |       |       |       |    70 ||    70
       Chain mail        |       |       |       |    23 ||    23
Dodge: Dodged            |    82 |   185 |   203 |   106 ||   576
